 Dungeon Crawl Stone Soup version 0.17-a0-755-g4391640 (webtiles) character file.

10152 wvc the Bludgeoner (level 11, -17/119 HPs)
             Began as an Ogre Wanderer on Apr 22, 2015.
             Was a Believer of Okawaru.
             Demolished by a shadow (24 damage)
             ... on level 10 of the Dungeon.
             The game lasted 00:34:25 (14142 turns).

wvc the Bludgeoner (Ogre Wanderer)                 Turns: 14142, Time: 00:34:26

Health: -17/119    AC:  5    Str: 22    XL:     11   Next: 57%
Magic:  11/11      EV: 10    Int:  9    God:    Okawaru [**....]
Gold:   861        SH:  0    Dex: 11    Spells: 2 memorised, 7 levels left

rFire  + . .     SeeInvis .     a - +0 giant spiked club
rCold  . . .     Clarity  .     e - +0 robe
rNeg   . . .     SustAb   .     (no shield)
rPois  .         Gourm    .     (helmet restricted)
rElec  .         Spirit   .     v - +1 cloak
rCorr  .         Warding  .     (gloves unavailable)
rMut   .         Stasis   .     (boots unavailable)
MR     +....                    (no amulet)
Stlth  +.........               (no ring)
                                A - ring of protection from fire

@: somewhat resistant to hostile enchantments, very unstealthy
A: unfitting armour, tough skin 1
a: Heroism, Renounce Religion


You were on level 10 of the Dungeon.
You worshipped Okawaru.
Okawaru was pleased with you.
You were not hungry.

You visited 2 branches of the dungeon, and saw 11 of its levels.
You also visited: Bailey.

You collected 905 gold pieces.
You spent 44 gold pieces at shops.

Inventory:

Hand weapons
 a - a +0 giant spiked club (weapon)
 b - a +1 blowgun
 h - a +2 falchion
 z - a +0 flail
 F - a +3 flail of draining
Missiles
 i - 99 poisoned needles
 E - 37 tomahawks of returning
 J - 2 large rocks (quivered)
Armour
 e - a +0 robe (worn)
 v - a +1 cloak (worn)
Jewellery
 o - an uncursed ring of ice
 A - a ring of protection from fire (left hand)
 C - an uncursed ring of flight
Magical devices
 c - a wand of enslavement (9)
 q - a wand of confusion (5)
 s - a wand of lightning (9)
 t - a wand of slowing (42)
 x - a wand of confusion (22)
 H - a wand of polymorph (6)
Scrolls
 r - a scroll of recharging
 y - 5 scrolls of remove curse
Potions
 g - 2 potions of ambrosia
 j - a potion of brilliance
 k - a potion of magic
 l - a potion of restore abilities
 m - 2 potions of cancellation
 n - 3 potions of might
 p - a potion of resistance {unknown}
 u - a potion of haste
 w - a potion of poison
 B - a potion of agility
Comestibles
 f - 3 bread rations


   Skills:
 + Level 10.5 Fighting
 - Level 2.1 Long Blades
 * Level 18.9 Maces & Flails
   Level 1.0 Bows
 - Level 2.1 Throwing
 - Level 1.4 Dodging
 - Level 1.0 Stealth


You had 7 spell levels left.
You knew the following spells:

 Your Spells              Type           Power        Failure   Level  Hunger
a - Blink                 Tloc           N/A          65%         2    ###....
b - Apportation           Tloc           #.........   38%         1    ##.....


Dungeon Overview and Level Annotations

Branches:
Dungeon (10/15)            Temple (1/1) D:4
   Lair: D:8-11         Orc: D:9-12

Altars:
Ashenzari
Cheibriados
Dithmenos
Elyvilon
Fedhas
Gozag
Kikubaaqudgha
Makhleb
Nemelex Xobeh
Okawaru
Qazlal
Ru
Sif Muna
Trog
Vehumet
Xom
Yredelemnul
Zin
The Shining One

Shops:
D:4 =*}   D:5 [

Annotations:
D:6 1 exclusion
D:8 exclusion: oklob sapling


Innate Abilities, Weirdness & Mutations

You are too large for most types of armour.
You have tough skin (AC +1).


Message History

Drink which item? (? for menu, Esc to quit)
You feel much better.
You feel sick.
The shadow strikes at you from the darkness!
* * * LOW HITPOINT WARNING * * *
Reactivating autopickup.
Drink which item? (? for menu, Esc to quit)
You feel better. The shadow hits you!
* * * LOW HITPOINT WARNING * * *
The shadow slips into darkness.
The shadow flickers and vanishes!
Deactivating autopickup; reactivate with Ctrl-A.
Read which item? (? for menu, Esc to quit)
Okay, then.
You closely miss the quokka.
The quokka bites you but does no damage.
You bludgeon the quokka!!
You kill the quokka!
Okawaru accepts your kill.
The shadow strikes at you from the darkness!
You die...

##....##
#####.....
##..(.#
####..
#..(.##
#..
#.....#
#..
#..##(##
#..
##.###.#
#.#
#.#####
### #†.#
#@.# #.:#
...# .....
......#
........
.......#.#
...####..


There were no monsters in sight!

Vanquished Creatures
  A hydra (D:6)
  A hill giant (D:10)
  Pikel (D:5)
  The ghost of Sar the Cudgeler, an experienced DgNe (Bailey)
  Maurice (D:9)
  Psyche (D:9)
  2 two-headed ogres
  2 trolls
  Grinder (D:6)
  Prince Ribbit (D:6)
  Sigmund (D:4)
  A hungry ghost (D:7)
  4 yaks (D:9)
  2 hippogriffs
  9 orc warriors
  5 orc priests
  A sky beast (D:10)
  Duvessa (D:7)
  4 ogres
  A black bear (D:7)
  A phantom (D:6)
  A necrophage (D:9)
  A wasp (D:9)
  A big kobold (D:9)
  A centaur (D:10)
  8 giant frogs
  A wyvern zombie (D:10)
  Dowan (D:7)
  2 scorpions
  9 killer bees (D:10)
  6 wights (D:9)
  2 wandering mushrooms (D:8)
  4 crimson imps
  A centaur zombie (D:7)
  2 centaur skeletons
  A wasp zombie (D:9)
  6 jellies
  8 orc wizards
  A quasit (D:9)
  Crazy Yiuf (D:4)
  A giant frog skeleton (D:7)
  4 iguanas
  11 worker ants
  3 hounds
  A worker ant zombie (D:8)
  12 adders
  5 gnolls
  4 shadow imps
  2 river rats (D:6)
  An ooze (D:2)
  An adder zombie (D:9)
  3 adder skeletons
  3 worms
  A giant gecko (D:6)
  44 orcs
  3 bat skeletons
  A bat zombie (D:6)
  9 giant cockroaches
  9 goblins
  14 hobgoblins
  2 jackals (D:6)
  3 quokkas
  13 bats
  A giant gecko zombie (D:6)
  2 giant newts
  A jackal skeleton (D:4)
  A jackal zombie (D:7)
  29 kobolds
  2 quokka skeletons
  19 rats
304 creatures vanquished.

Vanquished Creatures (others)
  A slave (D:5)
  2 crimson imps
  An orc wizard (D:5)
  A giant frog skeleton (D:5)
  A worker ant (D:5)
  A gnoll (D:5)
  2 orcs (D:5)
  A hobgoblin (D:5)
  A giant spore (D:7)
  A goblin (D:5)
12 creatures vanquished.

Grand Total: 316 creatures vanquished

Notes
Turn   | Place    | Note
--------------------------------------------------------------
     0 | D:1      | wvc, the Ogre Wanderer, began the quest for the Orb.
     0 | D:1      | wvc set off with: a +2 falchion, a +0 hand crossbow, 23 bolts, a scroll of teleportation, a +0 robe, a bread ration
     0 | D:1      | Reached XP level 1. HP: 22/22 MP: 1/1
    90 | D:1      | Reached skill level 3 in Fighting
   142 | D:1      | Reached XP level 2. HP: 26/31 MP: 2/2
   765 | D:2      | Reached skill level 4 in Fighting
   827 | D:2      | Reached skill level 1 in Maces & Flails
   827 | D:2      | Reached XP level 3. HP: 32/39 MP: 3/3
  1498 | D:3      | Reached XP level 4. HP: 17/49 MP: 4/4
  2572 | D:4      | Noticed Sigmund
  2644 | D:4      | Reached skill level 5 in Fighting
  2644 | D:4      | Reached XP level 5. HP: 20/57 MP: 5/5
  3451 | D:4      | Found Ameid's Gadget Shoppe.
  3462 | D:4      | Reached skill level 5 in Maces & Flails
  3593 | D:4      | Found a stormy altar of Qazlal.
  4111 | D:4      | Found an ancient bone altar of Kikubaaqudgha.
  4133 | D:4      | Learned a level 2 spell: Blink
  4135 | D:4      | Learned a level 1 spell: Apportation
  4176 | D:4      | Reached XP level 6. HP: 20/66 MP: 6/6
  4434 | D:4      | Killed Sigmund
  4434 | D:4      | Reached skill level 7 in Maces & Flails
  4632 | D:4      | Found a staircase to the Ecumenical Temple.
  4635 | D:4      | Found Aluptaz's General Store.
  4643 | D:4      | Bought a scroll of identify for 22 gold pieces
  4643 | D:4      | Bought a scroll of identify for 22 gold pieces
  4647 | Temple   | Entered the Ecumenical Temple
  4876 | D:4      | Reached XP level 7. HP: 54/72 MP: 7/7
  4907 | D:4      | Found Nomammy's Jewellery Shop.
  4994 | D:4      | Noticed Crazy Yiuf
  4999 | D:4      | Killed Crazy Yiuf
  4999 | D:4      | Reached skill level 8 in Maces & Flails
  5171 | D:5      | Entered Level 5 of the Dungeon
  5192 | D:5      | Noticed Pikel
  5220 | D:5      | Killed Pikel
  5220 | D:5      | Reached skill level 10 in Maces & Flails
  5220 | D:5      | Reached XP level 8. HP: 35/80 MP: 8/8
  5446 | D:5      | Found Vomufyc's Antique Armour Emporium.
  5570 | D:5      | Reached skill level 11 in Maces & Flails
  5787 | D:5      | Found a basalt altar of Yredelemnul.
  6269 | D:6      | Reached skill level 12 in Maces & Flails
  6315 | D:6      | Found a burning altar of Makhleb.
  6317 | D:6      | Found a stormy altar of Qazlal.
  6612 | D:6      | Noticed Prince Ribbit
  6722 | D:6      | Killed Prince Ribbit
  6722 | D:6      | Reached skill level 13 in Maces & Flails
  6722 | D:6      | Reached XP level 9. HP: 28/88 MP: 9/9
  7072 | D:6      | Noticed Grinder
  7079 | D:6      | Killed Grinder
  7153 | D:6      | Reached skill level 14 in Maces & Flails
  7187 | D:6      | Noticed a four-headed hydra
  7191 | D:6      | Killed a four-headed hydra
  7191 | D:6      | Reached skill level 15 in Maces & Flails
  7964 | D:7      | Reached XP level 10. HP: 57/98 MP: 10/10
  8230 | D:7      | Reached skill level 16 in Maces & Flails
  8593 | D:7      | Noticed Duvessa
  8593 | D:7      | Noticed Dowan
  8608 | D:7      | Killed Duvessa
  8621 | D:7      | Killed Dowan
  8743 | D:7      | Found a radiant altar of Vehumet.
  9912 | D:8      | Reached skill level 17 in Maces & Flails
 10252 | D:8      | Found a shimmering altar of Xom.
 10252 | D:8      | Found a bloodstained altar of Trog.
 10252 | D:8      | Found a basalt altar of Yredelemnul.
 10522 | D:8      | Found a blossoming altar of Fedhas.
 10805 | D:9      | Found a flagged portal.
 10816 | Bailey   | Entered a bailey
 10823 | Bailey   | Noticed Sar's ghost (experienced DgNe)
 10839 | Bailey   | Killed Sar's ghost
 11857 | D:9      | Reached XP level 11. HP: 88/115 MP: 11/11
 11967 | D:9      | Found a glowing golden altar of the Shining One.
 11967 | D:9      | Found a snail-covered altar of Cheibriados.
 11970 | D:9      | Found a blossoming altar of Fedhas.
 11974 | D:9      | Found an iron altar of Okawaru.
 11974 | D:9      | Found a glowing silver altar of Zin.
 11974 | D:9      | Found an opulent altar of Gozag.
 11981 | D:9      | Became a worshipper of Warmaster Okawaru
 12111 | D:9      | Reached skill level 18 in Maces & Flails
 12357 | D:9      | Noticed Psyche
 12363 | D:9      | Killed Psyche
 12710 | D:9      | Noticed Maurice
 12733 | D:9      | Killed Maurice
 12733 | D:9      | Acquired Okawaru's first power
 13021 | D:9      | Reached skill level 10 in Fighting
 13182 | D:10     | Entered Level 10 of the Dungeon
 13200 | D:10     | Noticed a hill giant
 13208 | D:10     | Killed a hill giant
 14142 | D:10     | Demolished by a shadow

Action                   |  1- 3 |  4- 6 |  7- 9 | 10-12 || total
-------------------------+-------+-------+-------+-------++-------
Melee: Falchion          |    90 |       |       |       ||    90
       Mace              |       |   178 |    72 |       ||   250
       Flail             |       |       |   212 |    92 ||   304
       Giant spiked club |       |       |       |   294 ||   294
       Giant club        |       |       |       |    27 ||    27
       Unarmed           |       |       |       |     6 ||     6
 Fire: Blowgun           |       |       |    12 |     9 ||    21
Throw: Large rock        |       |     7 |    19 |    30 ||    56
       Tomahawk          |       |       |       |    26 ||    26
Invok: Heroism           |       |       |       |     2 ||     2
Evoke: Wand              |       |       |     1 |     5 ||     6
  Use: Potion            |     1 |     1 |       |    12 ||    14
       Scroll            |       |    14 |     5 |    11 ||    30
 Stab: Sleeping          |       |     1 |       |     1 ||     2
       Distracted        |       |       |     1 |       ||     1
  Eat: Beef jerky        |     3 |       |       |       ||     3
       Chunk             |     1 |     1 |     5 |     2 ||     9
       Bread ration      |       |     1 |     2 |       ||     3
       Pizza             |       |     1 |       |       ||     1
       Fruit             |       |       |       |     4 ||     4
       Meat ration       |       |       |       |     3 ||     3
